 Dungeon Crawl Stone Soup version 0.30-a0-1114-gd936c97349 (webtiles) character file.

Game seed: 10049700372258800690

121162 Newt the Champion of Chaos (level 16, -33/127 HPs)
             Began as a Demonspawn Gladiator on Apr 20, 2023.
             Was the Champion of Makhleb.
             Annihilated by a naga warrior
             ... wielding a +0 broad axe
              (39 damage)
             ... on level 2 of the Snake Pit.
             The game lasted 00:45:13 (24540 turns).

Newt the Champion of Chaos (Demonspawn Gladiator)  Turns: 24540, Time: 00:45:13

Health: -33/127    AC: 14    Str: 33    XL:     16   Next: 31%
Magic:  28/28      EV: 16    Int: 10    God:    Makhleb [******]
Gold:   1328       SH:  0    Dex: 14    Spells: 25/26 levels left

rFire   + + .      SeeInvis +    w - +9 demon trident
rCold   + . .      Faith    .    o - sphere of Battle
rNeg    . . .      Spirit   .    L - +4 troll leather armour
rPois   +          Reflect  .    B - +2 hat {Will+}
rElec   +          Rampage  .    c - scarf "Damnable Contraption" {rC+ rF+, Regen+ Slay+2 SInv}
rCorr   +          Clarity  +    (no gloves)
Will    +++..                    (boots unavailable)
Stlth   +                        m - amulet of regeneration
HPRegen 2.81/turn                g - +6 ring of strength
MPRegen 0.21/turn                i - ring of Haecomor {rPois rC- rCorr Str+6 Dex-2}

@: about to teleport, resistant, studying Fighting
A: hooves 3, thin metallic scales 2, powered by death 1, condensation shield,
horns 1, see invisible, clarity, strong-willed 1
a: Renounce Religion, Minor Destruction, Lesser Servant of Makhleb, Major
Destruction, Greater Servant of Makhleb


You were on level 2 of the Snake Pit.
You worshipped Makhleb.
Makhleb was exalted by your worship.
You visited 5 branches of the dungeon, and saw 23 of its levels.
You also visited: Sewer and Gauntlet.

You collected 3613 gold pieces.
You spent 2285 gold pieces at shops.

Inventory:

Hand Weapons
 t - the +8 trident of Unaefoen {freeze, *Rage Str+5 Dex+4}
   (You found it on level 1 of the Snake Pit)

   Str:       It affects your strength (+5).
   Dex:       It affects your dexterity (+4).
   *Rage:     It berserks you when you make melee attacks (+20% chance).
 w - a +9 demon trident (weapon)
Missiles
 e - 18 javelins
 u - 3 throwing nets
Armour
 c - the scarf "Damnable Contraption" (worn) {rC+ rF+, Regen+ Slay+2 SInv}
   (You acquired it on level 1 of the Lair of Beasts)

   Slay:      It affects your accuracy & damage with ranged weapons and melee
   (+2).
   SInv:      It lets you see invisible.
   Regen:     It increases your rate of health regeneration.
 o - the sphere of Battle (worn)
   (You bought it in a shop on level 2 of the Dungeon)

   It enhances your destructive magic.
   It weakens your non-destructive magic.
   It summons a battlesphere in combat, with strength depending on Conjurations
   skill.
 A - a +2 kite shield of cold resistance
 B - a +2 hat of willpower (worn)
 L - a +4 troll leather armour (worn)
Jewellery
 b - the ring of Leunwip {rF+ Stlth+}
   (You found it on level 1 of the Lair of Beasts)

   [ring of protection from fire]

   rF:        It protects you from fire.
   Stlth:     It makes you more stealthy.
 g - a +6 ring of strength (left hand)
 i - the ring of Haecomor (right hand) {rPois rC- rCorr Str+6 Dex-2}
   (You found it on level 4 of the Dungeon)

   [ring of poison resistance]

   Str:       It affects your strength (+6).
   Dex:       It affects your dexterity (-2).
   rC:        It makes you vulnerable to cold.
   rPois:     It protects you from poison.
   rCorr:     It protects you from acid and corrosion.
 m - an amulet of regeneration (around neck)
 x - an amulet of faith
 y - a ring of willpower
 G - a ring of protection from fire
 N - a ring of protection from fire
 X - a ring of positive energy
Wands
 n - a wand of polymorph (3)
 E - a wand of paralysis (7)
 J - a wand of flame (33)
 Q - a wand of mindburst (27)
 R - a wand of roots (21)
 T - a wand of light (7)
Scrolls
 k - a scroll of magic mapping
 z - 12 scrolls of identify
 F - 4 scrolls of teleportation
 I - 2 scrolls of blinking
 K - 4 scrolls of enchant weapon
 O - 2 scrolls of fear
 P - a scroll of enchant armour
 W - 3 scrolls of poison
Potions
 a - 4 potions of heal wounds
 h - 5 potions of might
 j - 3 potions of magic
 l - 7 potions of curing
 p - a potion of haste
 q - a potion of resistance
 r - 5 potions of cancellation
 v - 2 potions of ambrosia
 H - 5 potions of lignification
 S - 5 potions of brilliance
 V - 3 potions of berserk rage
 Z - 6 potions of flight
Miscellaneous
 d - a phial of floods (inert)
 f - a lightning rod (4/4)
 s - a tin of tremorstones (2/2)
 C - a phantom mirror (inert)


   Skills:
 - Level 12.0 Fighting
 - Level 3.0 Short Blades
 - Level 12.3 Maces & Flails
 - Level 12.0 Polearms
 - Level 1.7 Throwing
 - Level 9.0 Armour
 - Level 10.0 Dodging
 + Level 5.5 Spellcasting
 + Level 6.0 Conjurations
 - Level 16.0 Invocations
 - Level 8.0 Evocations


You had 25 spell levels left.
You knew the following spells:

 Your Spells              Type           Power      Damage    Failure   Level
a - Magic Dart            Conj           88%        1d7       1%          1

Your spell library contained the following spells:

 Spells                   Type           Power      Damage    Failure   Level
 Searing Ray              Conj           44%        2d6       3%          2
 Foxfire                  Conj/Fire      52%        2x1d6     7%          1
 Shock                    Conj/Air       52%        1d6       7%          1
 Beastly Appendage        Tmut           2%         N/A       24%         1
 Call Imp                 Summ           2%         N/A       34%         2
 Lesser Beckoning         Tloc           2%         N/A       34%         2
 Flame Wave               Conj/Fire      13%        2d6       54%         4
 Fulminant Prism          Conj/Hex       6%         3d7       54%         4
 Iskenderun's Mystic Bla  Conj/Tloc      13%        2d5       54%         4
 Sticky Flame             Conj/Fire      13%        2d4       54%         4
 Call Canine Familiar     Summ           1%         N/A       56%         3
 Gell's Gravitas          Tloc           1%         N/A       56%         3
 Inner Flame              Hex/Fire       4%         N/A       56%         3
 Portal Projectile        Hex/Tloc       2%         N/A       56%         3
 Swiftness                Air            1%         N/A       56%         3
 Teleport Other           Tloc           1%         N/A       56%         3
 Volatile Blastmotes      Fire/Tloc      8%         2d10      56%         3
 Fireball                 Conj/Fire      6%         3d5       88%         5
 Airstrike                Air            2%         2d(1-17)  93%         4
 Leda's Liquefaction      Hex/Erth       0%         N/A       93%         4
 Passage of Golubria      Tloc           1%         N/A       93%         4
 Summon Ice Beast         Ice/Summ       1%         N/A       93%         4
 Alistair's Intoxication  Tmut/Pois      0%         N/A       100%        5
 Borgnjor's Vile Clutch   Necr/Erth      0%         N/A       100%        5
 Lee's Rapid Deconstruct  Erth           2%         3d4*      100%        5
 Silence                  Hex/Air        0%         N/A       100%        5
 Summon Mana Viper        Hex/Summ       1%         N/A       100%        5
 Yara's Violent Unravell  Hex/Tmut       2%         3d3       100%        5
 Eringya's Noxious Bog    Tmut/Pois      2%         N/A       100%        6
 Plasma Beam              Fire/Air       2%         2x1d13    100%        6
 Starburst                Conj/Fire      6%         6d4       100%        6
 Haunt                    Necr/Summ      0%         N/A       100%        7
 Malign Gateway           Summ/Tloc      0%         N/A       100%        7
 Monstrous Menagerie      Summ           0%         N/A       100%        7
 Lehudib's Crystal Spear  Conj/Erth      6%         10d3      100%        8


Dungeon Overview and Level Annotations

Branches:
Dungeon (13/15)            Temple (1/1) D:6            Lair (5/5) D:11
 Shoals (0/4) Lair:2        Snake (2/4) Lair:3        Slime (0/5) Lair:5
    Orc (2/2) D:9             Elf (0/3) Orc:2         Sewer (visited)
Gauntlet (visited)
 Vaults: D:13-14

Altars:
Ashenzari
Cheibriados
Dithmenos
Fedhas
Gozag
Hepliaklqana
Kikubaaqudgha
Makhleb
Nemelex Xobeh
Okawaru
Qazlal
Ru
Sif Muna
Trog
Uskayaw
Vehumet
Wu Jian
Xom
Yredelemnul

Shops:
D:2 [   D:5 :   Orc:2 ****?[

Portals:
Hell: Lair:5


Innate Abilities, Weirdness & Mutations

You have hooves in place of feet.
You are mostly covered in thin metallic scales. (AC +3)
You regenerate a little health from kills.
A meltable shield of frost defends you. (SH +0)
You have a pair of small horns on your head.
You have supernaturally acute eyesight. (SInv)
You possess an exceptional clarity of mind.
You are strong-willed. (Will+)


Message History

Unknown command.
You swap places.
You puncture the naga warrior!
You kick the naga warrior, but do no damage.
You headbutt the naga warrior.
The naga warrior is moderately wounded.
The salamander barely misses you.
Unknown command.
You closely miss the naga warrior.
You headbutt the naga warrior, but do no damage.
The naga warrior is moderately wounded.
The naga completely misses you.
The naga warrior roars a battlecry!
The nagas go into a battle-frenzy!
The salamander hits you from afar with a +0 halberd.
You are engulfed in flames!
You resist.
You puncture the naga warrior! Your kick misses the naga warrior.
You headbutt the naga warrior.
The naga warrior is heavily wounded.
The naga warrior roars a battlecry!
The nagas go into a battle-frenzy!
The naga hits you from afar with a +0 glaive!!!
* * * LOW HITPOINT WARNING * * *
As you read the scroll of teleportation, it crumbles to dust.
You feel strangely unstable.
The salamander hits you from afar with a +0 halberd!
* * * LOW HITPOINT WARNING * * *
You are engulfed in flames.
You resist.
* * * LOW HITPOINT WARNING * * *
The naga warrior spits poison at you.
The splash of poison hits you but does no damage.
You resist.
The naga hits you from afar with a +0 glaive!!
* * * LOW HITPOINT WARNING * * *
Unknown command.
Unknown command.
You feel protected. The salamander misses you. The naga closely misses you.
The naga warrior hits you with a +0 broad axe!!!
You die...

..... .... ##...## .#.# # #...#
#.. ##. #...# #.#
....###########...##### #..
....................... ##
.........N.NN##...#####. #
##.###..###N##)........ #..#
#@##.####.##. #..# #*##.# #.# ##
######N.###N##.####.######## ..
##........#NNN....#......##.. ..
##..N.N....................#..
..##NN...........................
..#..N...........................
.†....N..........................
.N#....<...............#.........


You could see 2 naga warriors, a salamander (strong), 4 nagas and a friendly
battlesphere.

Vanquished Creatures
  Nikola (Snake:2)
  Gastronok (Lair:2)
  2 nagarajas (Snake:1)
  Aizul (Snake:1)
  A dire elephant (Lair:5)
  A minotaur (Gauntlet)
  Snorg (Lair:4)
  The ghost of retardedninja the Thaumaturge, a journeyman GnFE of Cheibriados (Lair:1)
  3 hydras
  An entropy weaver (Gauntlet)
  A catoblepas (Lair:3)
  A hydra (shapeshifter) (D:12)
  Harold (D:10)
  Erica (D:8)
  A salamander tyrant (Snake:2)
  5 two-headed ogres
  The ghost of cheesebisquit the Gusty, a novice DrAE of Vehumet (D:12)
  3 boulder beetles
  7 naga warriors
  A tengu warrior (Gauntlet)
  2 shock serpents (Snake:2)
  A death yak (Lair:2)
  Urug (D:10)
  6 orc high priests (Orc:2)
  7 naga sharpshooters
  A sun demon (Lair:5)
  A skyshark (Lair:3)
  2 skeletal warriors (D:13)
  A glowing orange brain (D:12)
  2 wizards
  A naga ritualist (Snake:1)
  5 orc knights (Orc:2)
  A lindwurm (Lair:5)
  4 ugly things (D:12)
  Pikel (D:4)
  2 orc sorcerers (Orc:2)
  2 oklob plants
  A wolf spider (Gauntlet)
  3 mana vipers
  3 salamanders (Snake:2)
  The ghost of BlueFish the Sneak, a novice OpWr (D:5)
  4 cyclopes
  A manticore (D:12)
  18 elephants
  A moth of wrath (shapeshifter) (D:12)
  3 guardian serpents
  An eye of devastation (Gauntlet)
  11 naga magi
  A smoke demon (Lair:5)
  3 orange demons (Lair:5)
  18 black mambas
  An unseen horror (D:12)
  A torpor snail (Lair:5)
  14 cane toads
  3 gargoyles
  An efreet (D:11)
  3 kobold demonologists
  17 komodo dragons
  6 rime drakes
  An ice devil (Lair:5)
  2 tengu conjurers
  A troll (shapeshifter) (D:12)
  9 polar bears
  Prince Ribbit (Lair:1)
  2 red devils (Lair:5)
  2 hornets
  5 trolls
  A hornet (shapeshifter) (D:12)
  27 blink frogs
  9 dream sheep
  5 shadows
  A vampire (D:10)
  41 yaks
  3 wraiths
  A basilisk (shapeshifter) (D:12)
  4 basilisks
  14 wyverns
  Eustachio (D:4)
  A golden eye (Gauntlet)
  4 neqoxecs (D:12)
  2 steam dragons
  A redback (Gauntlet)
  6 vampire mosquitoes
  16 nagas
  2 wargs (Orc:2)
  13 water moccasins
  4 hell hounds (Lair:5)
  Duvessa (D:4)
  A floating eye (shapeshifter) (D:12)
  34 orc warriors
  4 ice beasts
  3 black bears
  A sky beast (D:7)
  7 ogres
  4 centaurs
  5 wolves (Lair:3)
  A phantom (D:5)
  7 kobold brigands
  17 bullfrogs
  2 gnoll sergeants
  3 scorpions
  4 wights
  Dowan (D:4)
  17 killer bees
  4 electric eels
  5 howler monkeys
  3 hounds (D:5)
  2 jellies
  A gnoll bouda (D:9)
  26 orc priests
  3 sleepcaps
  Terence (D:3)
  Natasha (D:3)
  3 iguanas
  10 orc wizards
  12 hell rats
  15 gnolls
  5 river rats (Sewer)
  14 adders
  A shadow imp (D:8)
  2 white imps
  An ufetubus (D:5)
  A worm (D:5)
  61 orcs
  9 endoplasms
  5 giant cockroaches
  8 goblins
  7 hobgoblins
  3 jackals (D:1)
  31 kobolds
  5 quokkas
  17 ball pythons
  5 bats
  3 frilled lizards
  22 rats
767 creatures vanquished.

Vanquished Creatures (collateral kills)
  2 naga warriors (Snake:2)
  A naga ritualist (Snake:1)
  A mana viper (Snake:1)
  3 orc knights (Orc:2)
  2 salamanders (Snake:2)
  2 naga magi (Snake:1)
  A naga (Snake:1)
  4 orc warriors (Orc:2)
  5 orcs (Orc:2)
21 creatures vanquished.

Vanquished Creatures (others)
  2 naga sharpshooters (Snake:2)
  2 orcs (D:8)
  21 fungi
  51 plants
76 creatures vanquished.

Grand Total: 864 creatures vanquished

Notes
Turn   | Place    | Note
-------+----------+-------------------------------------------
     0 | D:1      | Newt the Demonspawn Gladiator began the quest for the Orb.
     0 | D:1      | Reached XP level 1. HP: 16/16 MP: 1/1
   148 | D:1      | Gained mutation: You have large cloven feet. [demonic
                  | ancestry]
   148 | D:1      | Reached XP level 2. HP: 20/23 MP: 2/2
   378 | D:1      | Reached XP level 3. HP: 22/29 MP: 3/3
  1303 | D:2      | Found Zumejox's Antique Armour Emporium.
  1356 | D:2      | Gained mutation: You regenerate a little health from kills.
                  | [demonic ancestry]
  1356 | D:2      | Reached XP level 4. HP: 37/37 MP: 4/4
  1782 | D:2      | Identified the +5 ring mail "Raibu" {Dex+5}
  1948 | D:3      | You fall into a shaft and drop 2 floors!
  1948 | D:5      | Entered Level 5 of the Dungeon
  2008 | D:5      | Noticed a phantom
  2030 | D:5      | Killed a phantom
  2031 | D:5      | Reached XP level 5. HP: 38/42 MP: 5/5
  2113 | D:5      | Noticed an ogre
  2123 | D:4      | Killed an ogre
  2124 | D:4      | Reached skill level 5 in Fighting
  2124 | D:4      | Gained mutation: You have hoof-like feet. [demonic
                  | ancestry]
  2124 | D:4      | Reached XP level 6. HP: 11/51 MP: 6/6
  2150 | D:4      | Noticed Eustachio
  2185 | D:4      | Noticed Pikel
  2219 | D:4      | Noticed Duvessa
  2221 | D:4      | Killed Pikel
  2222 | D:4      | Reached skill level 1 in Maces & Flails
  2222 | D:4      | Reached XP level 7. HP: 14/58 MP: 7/7
  2271 | D:4      | Killed Eustachio
  2276 | D:4      | Found a glowing drain.
  2302 | D:4      | Noticed Dowan
  2304 | D:4      | Killed Duvessa
  2305 | D:4      | Reached XP level 8. HP: 62/64 MP: 8/8
  2309 | D:4      | Killed Dowan
  2318 | D:4      | Identified the ring of Haecomor {rPois rC- rCorr Str+6
                  | Dex-2}
  2333 | Sewer    | Entered a sewer
  2619 | Sewer    | Reached skill level 5 in Maces & Flails
  3457 | D:3      | Noticed Terence
  3465 | D:3      | Killed Terence
  3768 | D:3      | Noticed Natasha
  3773 | D:3      | Killed Natasha
  4057 | D:5      | Found a runed translucent door.
  4061 | D:5      | Noticed BlueFish's ghost (novice OpWr)
  4122 | D:5      | Found Egowe's Book Shoppe.
  4184 | D:5      | Gained mutation: A meltable shield of frost defends you.
                  | (SH +0) [demonic ancestry]
  4184 | D:5      | Reached XP level 9. HP: 65/69 MP: 9/9
  4750 | D:5      | Killed BlueFish's ghost
  4825 | D:6      | Found a staircase to the Ecumenical Temple.
  4863 | Temple   | Entered the Ecumenical Temple
  4939 | Temple   | Became a worshipper of Makhleb the Destroyer
  5277 | D:6      | Found a shimmering blue altar of Sif Muna.
  5661 | D:7      | Reached skill level 10 in Maces & Flails
  5709 | D:7      | Got the Anthology of Allies
  6127 | D:7      | Found a shimmering altar of Xom.
  6418 | D:7      | Reached * piety under Makhleb
  6567 | D:8      | Reached XP level 10. HP: 76/76 MP: 10/10
  6685 | D:8      | Found a basalt altar of Yredelemnul.
  6688 | D:8      | Found a sacrificial altar of Ru.
  6735 | D:8      | Noticed a two-headed ogre
  6752 | D:8      | Killed a two-headed ogre
  6829 | D:8      | Identified the +5 falchion "Umed" {flame, SInv}
  6861 | D:8      | Reached ** piety under Makhleb
  6929 | D:8      | Noticed a two-headed ogre
  6941 | D:8      | Killed a two-headed ogre
  6942 | D:8      | Reached skill level 5 in Armour
  7331 | D:9      | Noticed Erica
  7590 | D:8      | Killed Erica
  7809 | D:9      | Reached XP level 11. HP: 78/81 MP: 11/11
  7850 | D:9      | Found a large runed translucent door.
  7851 | D:9      | Found a large runed translucent door.
  8239 | D:9      | Found a staircase to the Orcish Mines.
  8303 | D:9      | Reached *** piety under Makhleb
  8642 | D:9      | Found a radiant altar of Vehumet.
  8782 | D:10     | Entered Level 10 of the Dungeon
  8797 | D:10     | Noticed Urug
  8825 | D:10     | Killed Urug
  8996 | D:10     | Reached skill level 1 in Polearms
  9067 | D:10     | Found a hide-covered altar of Uskayaw.
  9170 | D:10     | Found a stormy altar of Qazlal.
  9485 | D:10     | Noticed a soul eater
  9702 | D:10     | Noticed Harold
  9714 | D:10     | Killed Harold
 10034 | D:11     | HP: 4/81 [efreet/fireball (10)]
 10037 | D:11     | Reached skill level 5 in Polearms
 10120 | D:11     | Noticed a boulder beetle
 10120 | D:11     | Noticed a two-headed ogre
 10163 | D:12     | Killed a boulder beetle
 10209 | D:11     | Killed a two-headed ogre
 10362 | D:11     | Found a staircase to the Lair.
 10370 | D:11     | Gained mutation: You are partially covered in thin metallic
                  | scales. (AC +2) [demonic ancestry]
 10370 | D:11     | Reached XP level 12. HP: 88/88 MP: 12/12
 10578 | D:11     | Identified the +0 robe "Zulusoso" {rCorr}
 10737 | D:11     | Noticed a boulder beetle
 10758 | D:11     | Killed a boulder beetle
 10932 | D:11     | Reached **** piety under Makhleb
 10980 | D:11     | Found a broken altar of Ashenzari.
 11371 | D:12     | Found a runed translucent gate.
 11371 | D:12     | Found a runed translucent gate.
 11371 | D:12     | Found a runed translucent gate.
 11836 | D:12     | Identified the +3 longbow of the End {drain, Str+7}
 12027 | D:12     | Noticed a two-headed ogre
 12035 | D:12     | Killed a two-headed ogre
 12036 | D:12     | Reached skill level 10 in Polearms
 12226 | D:12     | a shining eye changed into a two-headed ogre
 12226 | D:12     | Noticed a two-headed ogre (glowing shapeshifter)
 12228 | D:12     | a two-headed ogre changed into a water nymph
 12231 | D:12     | a water nymph changed into an anaconda
 12231 | D:12     | Noticed an anaconda (glowing shapeshifter)
 12233 | D:12     | an anaconda changed into an alligator
 12233 | D:12     | Noticed an alligator (glowing shapeshifter)
 12247 | D:12     | Noticed an eight-headed hydra
 12255 | D:12     | Killed an eight-headed hydra
 12323 | D:12     | Found a runed translucent gate.
 12323 | D:12     | Found a runed translucent gate.
 12332 | D:12     | Noticed cheesebisquit's ghost (novice DrAE)
 12334 | D:12     | Found a runed translucent gate.
 12342 | D:12     | Gained mutation: You are vulnerable to cold. (rC-) [a
                  | neqoxec]
 12346 | D:12     | Paralysed by a floating eye for 3 turns
 12353 | D:12     | Gained mutation: Armour fits poorly on your strangely
                  | shaped body. [a neqoxec]
 12365 | D:12     | Gained mutation: Your mind is acute. (Int +4, Str/Dex -1)
                  | [a neqoxec]
 12382 | D:12     | Killed cheesebisquit's ghost
 12438 | D:12     | Lost mutation: Your mind is acute. (Int +4, Str/Dex -1)
                  | [mutagenic glow]
 12702 | D:13     | Lost mutation: You are vulnerable to cold. (rC-) [potion of
                  | mutation]
 12702 | D:13     | Lost mutation: Armour fits poorly on your strangely shaped
                  | body. [potion of mutation]
 12702 | D:13     | Gained mutation: You occasionally lose the ability to drink
                  | potions when taking damage. [potion of mutation]
 12702 | D:13     | Gained mutation: You have a pair of small horns on your
                  | head. [potion of mutation]
 12702 | D:13     | Gained mutation: You are strong-willed. (Will+) [potion of
                  | mutation]
 12702 | D:13     | Gained mutation: You are highly strong-willed. (Will++)
                  | [potion of mutation]
 12703 | D:13     | Lost mutation: You occasionally lose the ability to drink
                  | potions when taking damage. [potion of mutation]
 12703 | D:13     | Lost mutation: You are highly strong-willed. (Will++)
                  | [potion of mutation]
 12703 | D:13     | Gained mutation: You have hidden genetic potential. [potion
                  | of mutation]
 12711 | D:13     | Reached skill level 1 in Invocations
 12871 | D:13     | Noticed a six-headed hydra
 12882 | D:13     | Killed a six-headed hydra
 12883 | D:13     | Reached skill level 3 in Invocations
 12883 | D:13     | Gained mutation: You are mostly covered in thin metallic
                  | scales. (AC +3) [demonic ancestry]
 12883 | D:13     | Reached XP level 13. HP: 51/93 MP: 6/15
 13084 | D:13     | Reached skill level 4 in Invocations
 13134 | D:13     | Identified the +7 great sword "Vimyuz" {elec, Int-2 Dex+7}
 13144 | D:13     | Reached skill level 5 in Invocations
 13406 | D:13     | Reached skill level 6 in Invocations
 13696 | D:13     | Reached skill level 7 in Invocations
 13950 | Lair:1   | Entered Level 1 of the Lair of Beasts
 14059 | Lair:1   | Found a runed translucent door.
 14059 | Lair:1   | Noticed retardedninja's ghost (journeyman GnFE)
 14097 | Lair:1   | Killed retardedninja's ghost
 14098 | Lair:1   | Reached skill level 8 in Invocations
 14099 | Lair:1   | Identified the ring of Leunwip {rF+ Stlth+}
 14196 | Lair:1   | Reached skill level 9 in Invocations
 14220 | Lair:1   | Noticed Prince Ribbit
 14234 | Lair:1   | Killed Prince Ribbit
 14254 | Lair:1   | Identified a scroll of acquirement
 14259 | Lair:1   | Acquired the scarf "Damnable Contraption" {rC+ rF+, Regen+
                  | Slay+2 SInv}
 14268 | Lair:1   | Reached skill level 10 in Invocations
 14907 | Lair:2   | Noticed Gastronok
 14919 | Lair:2   | Killed Gastronok
 14920 | Lair:2   | Reached skill level 11 in Invocations
 15157 | Lair:2   | Reached ***** piety under Makhleb
 15167 | Lair:2   | Gained mutation: You possess an exceptional clarity of
                  | mind. [hidden potential]
 15236 | Lair:2   | Reached skill level 12 in Invocations
 15322 | Lair:2   | Reached skill level 5 in Dodging
 15704 | Lair:2   | Found a staircase to the Shoals.
 15955 | Lair:2   | Reached XP level 14. HP: 98/100 MP: 17/23
 16326 | Lair:3   | Found a staircase to the Snake Pit.
 16363 | Lair:3   | Identified the +1 ring mail of Untruth {rElec Dex+4}
 16916 | Lair:4   | Noticed Snorg
 16941 | Lair:4   | Killed Snorg
 17149 | Lair:4   | Reached skill level 10 in Dodging
 17155 | Lair:4   | Reached skill level 1 in Evocations
 17177 | Lair:4   | Gained mutation: You have supernaturally acute eyesight.
                  | (SInv) [hidden potential]
 17177 | Lair:4   | Lost mutation: You have hidden genetic potential. [hidden
                  | potential expressed]
 17244 | Lair:4   | Reached ****** piety under Makhleb
 17806 | Lair:5   | Entered Level 5 of the Lair of Beasts
 17828 | Lair:5   | Reached skill level 5 in Evocations
 18138 | Lair:5   | Found a staircase to the Slime Pits.
 18199 | Lair:5   | Got Ytyddun's Verses on the Gestalt
 18825 | Lair:5   | Reached skill level 13 in Invocations
 18825 | Lair:5   | Gained mutation: You have hooves in place of feet. [demonic
                  | ancestry]
 18825 | Lair:5   | Reached XP level 15. HP: 105/105 MP: 21/24
 18876 | Lair:5   | Found a burning altar of Makhleb.
 19103 | Lair:5   | Found a gateway to Hell.
 19709 | Orc:1    | Entered Level 1 of the Orcish Mines
 19802 | Orc:2    | Entered Level 2 of the Orcish Mines
 19810 | Orc:2    | Reached skill level 14 in Invocations
 19867 | Orc:2    | Found Leunt's General Store.
 19881 | Orc:2    | Found a gate leading to a gauntlet.
 19919 | Gauntlet | Entered a Gauntlet
 19919 | Gauntlet | Found a transporter.
 19919 | Gauntlet | Found a transporter.
 19923 | Gauntlet | Found a transporter.
 19923 | Gauntlet | Found a transporter.
 19945 | Gauntlet | Found a transporter.
 19955 | Gauntlet | Found a transporter.
 19955 | Gauntlet | Found a transporter.
 19961 | Gauntlet | Found a transporter.
 19990 | Gauntlet | Found a transporter.
 19997 | Gauntlet | Found a transporter.
 20015 | Gauntlet | Found a transporter.
 20060 | Gauntlet | Found a transporter.
 20076 | Gauntlet | Found a transporter.
 20160 | Gauntlet | Found a transporter.
 20175 | Gauntlet | Found a transporter.
 20189 | Gauntlet | Found a transporter.
 20384 | Gauntlet | Acquired 1231 gold pieces
 20570 | Gauntlet | Identified the staff of poison "Numniag" {rPois rF+ Will+
                  | Str+4 Dex+2}
 20578 | Gauntlet | Reached skill level 15 in Invocations
 20584 | Gauntlet | Identified the staff of cold "Retuessu" {rC+ Int+4 Dex+2}
 20666 | Orc:2    | Found a staircase to the Elven Halls.
 20969 | Orc:2    | Found Paugegup's Mass Market.
 21455 | Orc:2    | Reached skill level 16 in Invocations
 21943 | Orc:2    | Found Matodgh's General Store.
 21943 | Orc:2    | Found Loasunko's Assorted Antiques.
 21944 | Orc:2    | Found Risheew's Antique Armour Shoppe.
 21944 | Orc:2    | Found Lautoyr's Magic Scroll Emporium.
 21952 | Orc:2    | Bought a smoking chain mail for 285 gold pieces
 21952 | Orc:2    | Identified the +0 chain mail of the Fuzzy Hot Ocelot
                  | {Dex+3} (You bought it in a shop on level 2 of the Orcish
                  | Mines)
 22150 | D:2      | Bought the sphere of Battle for 2000 gold pieces
 22150 | D:2      | Found the sphere of Battle
 22344 | Snake:1  | Entered Level 1 of the Snake Pit
 22344 | Snake:1  | Noticed Aizul
 22357 | Snake:1  | Killed Aizul
 22518 | Snake:1  | Reached skill level 10 in Fighting
 22747 | Snake:1  | Noticed a nagaraja
 22750 | Snake:1  | Noticed a nagaraja
 22776 | Snake:1  | Killed a nagaraja
 22780 | Snake:1  | Killed a nagaraja
 22882 | Snake:1  | Reached skill level 1 in Conjurations
 22885 | Snake:1  | Reached skill level 1 in Spellcasting
 23031 | Snake:1  | Identified the +8 trident of Unaefoen {freeze, *Rage Str+5
                  | Dex+4}
 23754 | Snake:2  | Reached XP level 16. HP: 82/127 MP: 28/28
 23946 | Snake:2  | Learned a level 1 spell: Magic Dart
 24126 | Snake:2  | Noticed Nikola
 24156 | Snake:2  | Reached skill level 5 in Conjurations
 24159 | Snake:2  | HP: 4/127 [Nikola/arc of chain lightning (41)]
 24178 | Snake:2  | Killed Nikola
 24209 | Snake:2  | Reached skill level 5 in Spellcasting
 24539 | Snake:2  | HP: 3/127 [naga/+0 glaive (18)]
 24540 | Snake:2  | Annihilated by a naga warrior

Illustrated notes

Levels and vault maps discovered:
D:1:      evilmike_arrival_crescent, layout_loops_ring, serial_forest,
          infiniplex_forest_clump_cross, infiniplex_forest_lined_room_2,
          infiniplex_forest_clump_tiny, infiniplex_forest_end_2,
          minmay_pentomino_s4
D:2:      layout_loops_corners, serial_shops, nicolae_shop_window_shopping
D:3:      layout_rooms, minmay_statues_item, uniq_terence, uniq_natasha
D:4:      layout_cave_pools, gup_sewer_entry_glass, uniq_eustachio,
          uniq_duvessa, uniq_pikel
D:5:      layout_layer_cave, serial_shops, nicolae_shop_tiny_real_fake_doors,
          ebering_ghost_sewer_d
D:6:      layout_loops_ring, general_overflow_altar, temple_fountains
D:7:      layout_loops_cross, lemuel_tele_altar, chequers_serial_rivers_small_3
D:8:      layout_basic, nicolae_overflow_squiral, grunt_potential
D:9:      layout_long_grid, jmf_multi_god_temple2, david_orc_1_choice,
          uniq_erica
D:10:     layout_loops_ring, mainiacjoe_overflow_alcove_4, grunt_qazlal_clouds,
          uniq_harold, uniq_urug
D:11:     minmay_opposing_rooms, layout_basic, david_lair_generic,
          dk_noncrumbling_3, nicolae_ashenzari_panopticon
D:12:     layout_stronghold, serial_column_ruins, column_ruins_columns_straight,
          column_ruins_corridor_straight, column_ruins_columns_straight,
          ploomutoo_gammafunk_ghost_potion_laboratory
D:13:     layout_stronghold, hangedman_ranch
Temple:   nicolae_temple_great_sept
Lair:1:   layout_loops_ring, gammafunk_ghost_grave, infiniplex_staircase_pool,
          uniq_prince_ribbit2
Lair:2:   nzn_winding_woodlands_small [nzn_winding_woodlands_5x15_garden,
          nzn_winding_woodlands_center_triple_pond,
          nzn_winding_woodlands_5x15_pathside_ponds], layout_gridlike,
          elwin_shoals_entry_rocks, cheibrodos_lair_caveside_slide,
          uniq_gastronok
Lair:3:   layout_misc_corridors, dummy_snake_entry, grunt_megastairs_2
Lair:4:   layout_roguey, cheibrodos_lair_lostbears, grunt_megastairs_4,
          lemuel_fruit_fields, lemuel_fruit_fields, serial_bayou_shore_b,
          uniq_snorg
Lair:5:   evil_forest, layout_misc_corridors, slime_entry_1,
          nicolae_quartered_pool_super
Snake:1:  layout_chambers, guppyfry_library_mini, uniq_aizul
Snake:2:  layout_gridlike, st_stairs_2, uniq_nikola
Orc:1:    layout_diamond_mine, basic_altar, uniq_jorgrun
Orc:2:    st_orc_pillars, layout_diamond_mine, gauntlet_entry_generic,
          serial_shops, nicolae_shop_advertising_works
          [nicolae_subvault_shop_adworks], minmay_shop_mass

Skill      XL: |  1  2  3  4  5  6  7  8  9 10 11 12 13 14 15 16 |
---------------+-------------------------------------------------+-----
Fighting       | 3 4 5 6 12 | 12.0
Dodging        | 3 4 7 10 | 10.0
Short Blades   | 3 |  3.0
Armour         | 4 7 9 |  9.0
Maces & Flails | 1 3 7 10 12 | 12.3
Polearms       | 7 12 | 12.0
Invocations    | 3 12 13 16 | 16.0
Evocations     | 8 |  8.0
Conjurations   | 3 6 |  6.0
Spellcasting   | 3 5 |  5.5
Throwing       | |  1.7

Action                     |  1- 3 |  4- 6 |  7- 9 | 10-12 | 13-15 | 16-18 || total
---------------------------+-------+-------+-------+-------+-------+-------++-------
  Melee: Rapier            |   104 |   103 |     4 |       |       |       ||   211
         Kick              |    21 |    28 |   137 |   198 |   371 |    31 ||   786
         Punch             |       |     1 |     4 |    12 |    15 |       ||    32
         Whip              |       |       |   428 |   333 |       |       ||   761
         Demon trident     |       |       |       |   385 |  1339 |   146 ||  1870
         Headbutt          |       |       |       |     3 |   215 |    24 ||   242
         Trident           |       |       |       |       |    29 |       ||    29
  Throw: Throwing net      |       |     3 |       |     4 |       |       ||     7
         Javelin           |       |       |       |       |       |     1 ||     1
   Cast: Magic Dart        |       |       |       |       |       |    17 ||    17
 Invoke: Major Destruction |       |       |       |       |    11 |       ||    11
         Greater Servant o |       |       |       |       |     5 |     2 ||     7
  Evoke: Wand              |       |     2 |     2 |     3 |       |       ||     7
         Phantom mirror    |       |       |       |       |     1 |     1 ||     2
         Phial of floods   |       |       |       |       |       |     1 ||     1
    Use: Scroll            |     2 |     5 |     7 |    13 |     9 |     2 ||    38
         Potion            |       |     1 |     3 |    11 |     1 |     5 ||    21
   Stab: Sleeping          |     1 |     1 |       |       |       |       ||     2
         Held in net/web   |       |     1 |       |     1 |       |       ||     2
         Paralysed         |       |     9 |     4 |     3 |       |       ||    16
         Invisible         |       |       |       |    10 |       |       ||    10
         Distracted        |       |       |       |       |       |     2 ||     2
 Armour: Leather armour    |    44 |     5 |       |       |       |       ||    49
         Ring mail         |       |    28 |   172 |    17 |       |       ||   217
         Skin              |       |    58 |       |       |       |       ||    58
         Troll leather arm |       |       |       |   182 |   271 |    29 ||   482
  Dodge: Dodged            |    66 |    65 |   251 |   324 |   665 |    73 ||  1444
  Block: Other             |       |       |    20 |    78 |   135 |       ||   233
         Orb               |       |       |       |       |    18 |     3 ||    21

Table legend: (Time is in decaauts)
 A = Elapsed time spent in this place.
 B = Non-inter-level travel time spent in this place.
 C = Inter-level travel time spent in this place.
 D = Time resting spent in this place.
 E = Time spent auto-exploring this place.
 F = Levels seen in this place.
 G = Mean time per level.
                   A        B        C        D        E       F      G
               +--------+--------+--------+--------+--------+-----+--------+
         Total |  23922 |  22301 |   1621 |   3057 |  14354 |  25 |  956.9 |
       Dungeon |  13581 |  12441 |   1140 |   2069 |   8026 |  13 | 1044.7 |
        Temple |     86 |     76 |     10 |      0 |     58 |   1 |   86.0 |
          Lair |   5390 |   5023 |    367 |    341 |   3603 |   5 | 1078.0 |
     Snake Pit |   2099 |   2041 |     58 |    257 |   1275 |   2 | 1049.5 |
  Orcish Mines |   1558 |   1513 |     45 |    390 |    694 |   2 |  779.0 |
         Sewer |    545 |    545 |      0 |      0 |    313 |   1 |  545.0 |
      Gauntlet |    660 |    660 |      0 |      0 |    385 |   1 |  660.0 |
               +--------+--------+--------+--------+--------+-----+--------+

Top non-repeatable levels by time:
    D:12: 1542 daAuts
   Orc:2: 1456 daAuts
  Lair:5: 1440 daAuts
    D:11: 1346 daAuts
 Snake:1: 1336 daAuts
    D:10: 1259 daAuts
  Lair:2: 1226 daAuts
     D:8: 1211 daAuts
    D:13: 1159 daAuts
     D:5: 1133 daAuts
     D:9: 1084 daAuts
     D:2: 1037 daAuts
  Lair:4: 1031 daAuts
     D:1: 944 daAuts
  Lair:1: 901 daAuts
